 Dungeon Crawl Stone Soup version 0.31-a0-182-gc5ef74bbde (webtiles) character file.

Game seed: 7651012089138240793

457 qw the Chopper (level 7, -1/43 HPs)
             Began as a Gargoyle Fighter on June 20, 2023.
             Slain by a gnoll
             ... wielding a +0 spear
              (7 damage)
             ... on level 4 of the Dungeon.
             The game lasted 00:01:31 (2701 turns).

qw the Chopper (Gargoyle Fighter)                   Turns: 2701, Time: 00:01:32

Health: -1/43      AC: 15    Str: 22    XL:     7   Next: 6%
Magic:  7/7        EV:  8    Int:  8    God:
Gold:   237        SH:  4    Dex:  9    Spells: 6/6 levels left

rFire   . . .        Y - +0 war axe
rCold   + . .        c - +0 buckler
rNeg    + . .        s - +0 chain mail
rPois   inf          (no helmet)
rElec   +            q - +0 cloak
rCorr   .            (no gloves)
SInv    .            (no boots)
Will    .....        (no amulet) Stlth
                     f - +4 ring of slaying {mikee}
HPRegen 0.27/turn    o - ring of protection from cold
MPRegen 0.10/turn

%: no passive effects
@: about to teleport
A: sickness immunity, AC +4, negative energy resistance 1, electricity
resistance, torment resistance 1, petrification resistance
a: no special abilities


You were on level 4 of the Dungeon.
You visited 1 branch of the dungeon, and saw 4 of its levels.

You collected 237 gold pieces.


Innate Abilities, Weirdness & Mutations

You are immune to sickness and miasma.
Your stone body is resilient. (AC +4)
You are immune to poison.
You resist negative energy. (rN+)
You are resistant to electric shocks. (rElec)
You are resistant to unholy torment.
You are immune to petrification.


   Skills:
 - Level 4.0 Fighting
 + Level 6.1 Axes
 - Level 1.0 Throwing
 - Level 3.2 Armour
 - Level 1.0 Dodging
 - Level 3.2 Shields


You had 6 spell levels left.
You didn't know any spells.
Your spell library was empty.

Inventory:

Hand Weapons
 a - a +0 flail
 Y - a +0 war axe (weapon)
Missiles
 i - 3 javelins (quivered)
Armour
 c - a +0 buckler (worn)
 q - a +0 cloak (worn)
 s - a +0 chain mail (worn)
Jewellery
 f - a +4 ring of slaying (left hand) {mikee}
 h - a +6 ring of dexterity
 o - a ring of protection from cold (right hand)
Scrolls
 b - a scroll of brand weapon {unknown}
 n - 2 scrolls of teleportation
Potions
 d - a potion of might
 e - 2 potions of curing
 g - a potion of ambrosia {unknown}
 j - a potion of lignification
 k - a potion of enlightenment {unknown}
 p - a potion of degeneration {unknown}
 r - a potion of haste {unknown}

Dungeon Overview and Level Annotations

Branches:
Dungeon (4/15)
 Temple: D:4-7

Altars:
Gozag
The Shining One

Annotations:
D:4 3 runed translucent doors, qw's ghost, amateur GrHu


Message History

The gnoll closely misses you.
The gnoll hits you but does no damage. x2
The gnoll completely misses you.
You hit the gnoll.
The gnoll is severely wounded.
The gnoll hits you but does no damage.
The gnoll hits you from afar with a +0 halberd.
The gnoll barely misses you.
You closely miss the gnoll.
The gnoll is severely wounded.
You block the gnoll's attack. The gnoll misses you.
The gnoll hits you from afar with a +0 halberd.
The orc wizard casts a spell.
The orc wizard flickers and vanishes!
Deactivating autopickup; reactivate with Ctrl-A.
You hit the gnoll.
You kill the gnoll!
The gnoll hits you but does no damage. x2
You block the gnoll's attack. The gnoll hits you but does no damage.
Things that are here:
a +0 whip; a gnoll corpse
Enter note: You hit the gnoll.
The gnoll is heavily wounded.
The gnoll hits you but does no damage. The gnoll barely misses you.
You slash the gnoll!
The gnoll is almost dead.
The gnoll hits you from afar with a +0 spear.
The gnoll hits you with a +0 halberd.
You barely miss the gnoll.
The gnoll is almost dead.
The gnoll hits you but does no damage. The gnoll hits you with a +0 halberd.
The gnoll hits you with a +0 halberd! The gnoll hits you but does no damage.
2700 ||| READING 3 scrolls of teleportation.
As you read the scroll of teleportation, it crumbles to dust.
You feel strangely unstable. The gnoll barely misses you.
The gnoll hits you but does no damage.
You barely miss the gnoll.
The gnoll is almost dead.
The gnoll hits you from afar with a +0 spear!
You die...

##... .. ....# #
#... #(# .##...##
#.#. ... ..#.#.##
#.#. ##.##...#..#
##... ...#.#.#.#
###..## og.#...#
#...## ..
#)#.#.######.###
#.##@))#......#.#
#.....g.#.#.#
#...#
##.###.##...#
##..# .......#)##
#.## #.###.##..#
#.#
..........#####%#
#.###.###.##.....#
## #####....#####
######


You could see 2 gnolls.

Vanquished Creatures
  An ogre (D:4)
  Terence (D:3)
  Natasha (thrice) (D:2)
  7 gnolls
  9 adders
  An ufetubus (D:3)
  2 worms (D:3)
  3 dart slugs
  6 orcs
  7 ball pythons
  7 bats
  5 endoplasms
  5 giant cockroaches
  9 goblins
  6 hobgoblins
  8 jackals
  7 quokkas
  5 frilled lizards
  6 kobolds
  7 rats
105 creatures vanquished.

Notes
Turn   | Place    | Note
-------+----------+-------------------------------------------
     0 | D:1      | qw the Gargoyle Fighter began the quest for the Orb.
     0 | D:1      | Reached XP level 1. HP: 14/14 MP: 1/1
     0 | D:1      | 0 ||| qw: Version: 0.3-a-9-g12657ce
     0 | D:1      | 0 ||| qw: Game counter: 1450
     0 | D:1      | 0 ||| qw: Always use a shield: true
     0 | D:1      | 0 ||| qw: God list: Okawaru
     0 | D:1      | 0 ||| qw: Allow faded altars: false
     0 | D:1      | 0 ||| qw: Do Orc after D:15 true
     0 | D:1      | 0 ||| qw: Do second Lair branch before Depths: true
     0 | D:1      | 0 ||| qw: Lair rune preference: random
     0 | D:1      | 0 ||| qw: Plans: Normal, Zot:1-4, Slime:5, God:TSO, Crypt,
                  | Tomb, Abyss, Pan, Hells, Win
     0 | D:1      | 0 ||| PLANNING D:1-11
    55 | D:1      | Reached skill level 2 in Axes
    93 | D:1      | 93 ||| Stepping ~*~*~tactically~*~*~ (hiding).
   108 | D:1      | Reached XP level 2. HP: 19/19 MP: 2/2
   177 | D:1      | 177 ||| DROPPING +0 club.
   199 | D:1      | 199 ||| Stepping ~*~*~tactically~*~*~ (stealth).
   200 | D:1      | 200 ||| Stepping ~*~*~tactically~*~*~ (stealth).
   300 | D:1      | Reached skill level 3 in Axes
   419 | D:1      | Reached XP level 3. HP: 23/23 MP: 3/3
   454 | D:1      | 454 ||| Stepping ~*~*~tactically~*~*~ (hiding).
   455 | D:1      | 455 ||| Stepping ~*~*~tactically~*~*~ (hiding).
   457 | D:1      | 457 ||| Stepping ~*~*~tactically~*~*~ (hiding).
   458 | D:1      | 458 ||| Stepping ~*~*~tactically~*~*~ (hiding).
   555 | D:1      | 555 ||| UPGRADING to +4 ring of slaying {mikee}.
   556 | D:1      | 556 ||| READING scroll labelled ZAFFOSCHOEZEGIJ.
   557 | D:1      | 557 ||| READING scroll labelled HUPPOTZ GAUCEY.
   558 | D:1      | 558 ||| READING scroll labelled DAHUARHIOQI.
   686 | D:2      | 686 ||| STAIRDANCE
   754 | D:2      | 754 ||| Stepping ~*~*~tactically~*~*~ (hiding).
   779 | D:2      | 779 ||| Stepping ~*~*~tactically~*~*~ (stealth).
   787 | D:2      | Reached XP level 4. HP: 28/28 MP: 4/4
   794 | D:2      | Found a glowing golden altar of the Shining One.
   814 | D:2      | 814 ||| Stepping ~*~*~tactically~*~*~ (stealth).
   829 | D:2      | 829 ||| DROPPING +0 whip.
   850 | D:2      | 850 ||| Stepping ~*~*~tactically~*~*~ (stealth).
   855 | D:2      | 855 ||| Stepping ~*~*~tactically~*~*~ (stealth).
   968 | D:2      | 968 ||| Stepping ~*~*~tactically~*~*~ (stealth).
  1003 | D:2      | Reached skill level 1 in Throwing
  1152 | D:2      | Reached skill level 4 in Axes
  1245 | D:2      | Noticed Natasha
  1246 | D:2      | 1246 ||| Stepping ~*~*~tactically~*~*~ (hiding).
  1255 | D:2      | Killed Natasha
  1373 | D:2      | 1373 ||| DROPPING +6 ring of intelligence.
  1374 | D:2      | 1374 ||| UPGRADING to +6 ring of dexterity.
  1375 | D:2      | 1375 ||| READING scroll labelled XEDEOS OKAWNIW.
  1376 | D:2      | 1376 ||| READING scroll labelled YNNOHATZAH.
  1377 | D:2      | 1377 ||| READING 3 scrolls labelled DOACLE FAORIR.
  1380 | D:2      | 1380 ||| DRINKING 2 glowing cyan potions.
  1403 | D:2      | Noticed Natasha
  1404 | D:2      | 1404 ||| Stepping ~*~*~tactically~*~*~ (stealth).
  1411 | D:2      | Killed Natasha
  1412 | D:2      | Reached skill level 1 in Dodging
  1412 | D:2      | Reached XP level 5. HP: 14/32 MP: 5/5
  1489 | D:2      | Noticed Natasha
  1490 | D:2      | 1490 ||| Stepping ~*~*~tactically~*~*~ (stealth).
  1491 | D:2      | 1491 ||| Stepping ~*~*~tactically~*~*~ (stealth).
  1496 | D:2      | Killed Natasha
  1529 | D:3      | 1529 ||| Stepping ~*~*~tactically~*~*~ (stealth).
  1852 | D:3      | 1852 ||| Stepping ~*~*~tactically~*~*~ (hiding).
  1991 | D:3      | 1991 ||| Stepping ~*~*~tactically~*~*~ (stealth).
  2015 | D:3      | Reached skill level 5 in Axes
  2032 | D:3      | Reached XP level 6. HP: 37/37 MP: 6/6
  2138 | D:3      | Noticed Terence
  2146 | D:3      | Killed Terence
  2475 | D:3      | 2475 ||| DROPPING orb of mayhem.
  2476 | D:3      | 2476 ||| UPGRADING to +0 cloak.
  2481 | D:3      | 2481 ||| UPGRADING to +0 chain mail.
  2491 | D:3      | 2491 ||| DROPPING +0 scale mail.
  2492 | D:3      | 2492 ||| UPGRADING to ring of protection from cold.
  2494 | D:3      | 2494 ||| READING scroll labelled JORGHE COCWE.
  2538 | D:4      | Found a runed translucent gate.
  2538 | D:4      | Found a runed translucent gate.
  2538 | D:4      | Found a runed translucent gate.
  2538 | D:4      | Found an opulent altar of Gozag.
  2538 | D:4      | Noticed qw's ghost (amateur GrHu)
  2661 | D:4      | 2661 ||| Stepping ~*~*~tactically~*~*~ (stealth).
  2668 | D:4      | 2668 ||| Stepping ~*~*~tactically~*~*~ (stealth).
  2672 | D:4      | 2672 ||| Stepping ~*~*~tactically~*~*~ (hiding).
  2673 | D:4      | 2673 ||| Stepping ~*~*~tactically~*~*~ (stealth).
  2674 | D:4      | 2674 ||| Stepping ~*~*~tactically~*~*~ (hiding).
  2684 | D:4      | Reached skill level 6 in Axes
  2684 | D:4      | Reached XP level 7. HP: 38/43 MP: 7/7
  2699 | D:4      | HP: 5/43 [gnoll/+0 halberd (10)]
  2700 | D:4      | 2700 ||| READING 3 scrolls of teleportation.
  2701 | D:4      | Slain by a gnoll

Levels and vault maps discovered:
D:1:      heliophobic_arrival_ceremonial_halls, layout_basic
D:2:      wad_woods_stonehenge, layout_rooms, uniq_natasha
D:3:      minmay_bubble_buster, layout_basic, nicolae_elevator_lobby_plus,
          uniq_terence
D:4:      layout_basic, vehumet_crystals, nemelex_altar_shiori,
          serial_corexii_hall, chequers_hall_statues_y, corexii_hall_statues_x,
          corexii_hall_statues_i, chequers_hall_statues_corner_a,
          ebering_ghost_gozag, nicolae_concentric_dashed_squares_wild

Skill      XL: |  1  2  3  4  5  6 |
---------------+-------------------+-----
Axes           | 2 3 4 5 6 |  6.1
Throwing       | 1 |  1.0
Dodging        | 1 |  1.0
Fighting       | 4 |  4.0
Armour         | |  3.2
Shields        | |  3.2

Action                     |  1- 3 |  4- 6 |  7- 9 || total
---------------------------+-------+-------+-------++-------
  Melee: War axe           |    64 |   129 |    15 ||   208
  Throw: Javelin           |     5 |    47 |       ||    52
    Use: Scroll            |     3 |     4 |     1 ||     8
         Potion            |       |     1 |       ||     1
 Armour: Scale mail        |    25 |    47 |       ||    72
         Chain mail        |       |     5 |    22 ||    27
  Dodge: Dodged            |    33 |    43 |    12 ||    88
  Block: Buckler           |    10 |    26 |     6 ||    42

Table legend:
 A = Non-vault XP
 B = Vault XP
 C = Vault XP percentage of total XP
 D = Non-vault monster count
 E = Vault monster count
 F = Vault count percentage of total count
                 A         B        C        D         E       F
            +---------+---------+-------+---------+---------+-------
      Total |     444 |     209 |  32.0 |      73 |      32 |  30.5
            +---------+---------+-------+---------+---------+-------
        D:1 |      48 |       0 |   0.0 |      22 |       0 |   0.0
        D:2 |     107 |      76 |  41.5 |      21 |       9 |  30.0
        D:3 |      73 |     133 |  64.6 |      19 |      23 |  54.8
        D:4 |     216 |       0 |   0.0 |      11 |       0 |   0.0
            +---------+---------+-------+---------+---------+-------
